[Event "ICC tourney 2355 (60 10)"]
[Site "Internet Chess Club"]
[Date "2021.01.31"]
[Round "6"]
[White "DVWANG"]
[Black "julians2012"]
[Result "1-0"]
[ICCResult "Black resigns"]
[WhiteElo "1044"]
[BlackElo "750"]
[Opening "French: advance, Euwe variation"]
[ECO "C02"]
[NIC "FR.03"]
[Time "16:04:23"]
[PlyCount "61"]
[TimeControl "3600+10"]

1. e4 e6 2. d4 d5 3. e5 c5 4. c3 Nc6 5. Nf3 Bd7 6. Be3 Qb6 7. b3 O-O-O 8.
Bd3 f6 9. exf6 Nxf6 10. O-O g6 11. Ng5 Be8 12. Nxe6 Rd6 13. dxc5 Qa5 14.
cxd6 Bxd6 15. Bf4 Bxf4 16. Nxf4 Bd7 17. Be2 Qc7 18. Nxd5 Nxd5 19. Qxd5 Ne7
20. Qd4 Rg8 21. Qh4 Rg7 22. Qf6 Nf5 23. g4 Rg8 24. gxf5 gxf5+ 25. Kh1 f4
26. Nd2 Bc6+ 27. f3 Qb6 28. Qe6+ Kc7 29. Qxg8 Qe3 30. Qg7+ Kb6 31. Nc4+ {
Black resigns } 1-0

[Event "ICC tourney 2355 (60 10)"]
[Site "Internet Chess Club"]
[Date "2021.01.31"]
[Round "6"]
[White "joshuakps77"]
[Black "rubblepup"]
[Result "0-1"]
[ICCResult "White checkmated"]
[WhiteElo "1099"]
[BlackElo "1288"]
[Opening "Giuoco Piano"]
[ECO "C54"]
[NIC "IG.02"]
[Time "16:03:29"]
[PlyCount "80"]
[TimeControl "3600+10"]

1. e4 e5 2. Nf3 Nc6 3. Bc4 Bc5 4. c3 Nf6 5. d4 exd4 6. e5 d5 7. Bb5 Ne4 8.
cxd4 Bb6 9. Nc3 Bg4 10. O-O O-O 11. h3 Bh5 12. Bxc6 bxc6 13. a4 a6 14. a5
Ba7 15. Qd3 Nxc3 16. bxc3 Qe7 17. Ba3 Qe6 18. Bxf8 Rxf8 19. Nh4 c5 20. Qf5
Qh6 21. Rfe1 cxd4 22. cxd4 Bxd4 23. Rac1 c5 24. e6 fxe6 25. Qxe6+ Qxe6 26.
Rxe6 Bxf2+ 27. Kh1 Bxh4 28. Rxa6 Bf2 29. Rf1 Be2 30. Rb1 Bxa6 31. Rb6 Be2
32. Rd6 d4 33. a6 Bxa6 34. Rxa6 c4 35. Ra1 d3 36. Rc1 d2 37. Rd1 c3 38. Kh2
c2 39. Rxd2 c1=Q 40. Re2 Qg1# { White checkmated } 0-1

[Event "ICC tourney 2355 (60 10)"]
[Site "Internet Chess Club"]
[Date "2021.01.31"]
[Round "6"]
[White "Bg71"]
[Black "CaptainAL13"]
[Result "1-0"]
[ICCResult "Black checkmated"]
[WhiteElo "1377"]
[BlackElo "834"]
[Opening "Queen's pawn game"]
[ECO "D00"]
[NIC "QP.08"]
[Time "16:03:35"]
[PlyCount "103"]
[TimeControl "3600+10"]

1. d4 d5 2. e3 Nc6 3. f4 Nf6 4. Bd3 Bg4 5. Nf3 e6 6. c3 Ne4 7. O-O Bd6 8.
Nbd2 f5 9. Qe1 Nxd2 10. Bxd2 Bxf3 11. Rxf3 Qf6 12. b4 O-O-O 13. a4 g5 14.
a5 gxf4 15. exf4 Rhg8 16. b5 Ne7 17. b6 a6 18. bxc7 Bxc7 19. Re3 Bxf4 20.
Rxe6 Qg5 21. Re2 Bxd2 22. Qxd2 Qxd2 23. Rxd2 Rdf8 24. Re2 Nc6 25. Rf2 Ne7
26. Re1 Kd7 27. Re5 Rg7 28. Bxf5+ Nxf5 29. Rxd5+ Ke6 30. Re5+ Kd6 31. Rfxf5
Rxf5 32. Rxf5 Ke6 33. Re5+ Kd6 34. c4 Rc7 35. c5+ Kc6 36. Kf2 Rf7+ 37. Ke3
Rf1 38. Re6+ Kc7 39. d5 Re1+ 40. Kd4 Rd1+ 41. Ke5 Ra1 42. d6+ Kd8 43. Rf6
Re1+ 44. Kf5 Ke8 45. Re6+ Rxe6 46. Kxe6 h5 47. h3 h4 48. d7+ Kd8 49. Kd6 b6
50. axb6 a5 51. b7 a4 52. b8=Q# { Black checkmated } 1-0

[Event "ICC tourney 2355 (60 10)"]
[Site "Internet Chess Club"]
[Date "2021.01.31"]
[Round "6"]
[White "tinyattacker"]
[Black "andrewj508"]
[Result "0-1"]
[ICCResult "White checkmated"]
[WhiteElo "1216"]
[BlackElo "1256"]
[Opening "French: Winawer, advance, Bogolyubov variation"]
[ECO "C17"]
[NIC "FR.10"]
[Time "16:03:32"]
[PlyCount "82"]
[TimeControl "3600+10"]

1. e4 e6 2. d4 d5 3. Nc3 Bb4 4. e5 c5 5. Bd2 Bxc3 6. Bxc3 cxd4 7. Bxd4 Nc6
8. Bc3 d4 9. Bd2 Nxe5 10. Nf3 Nxf3+ 11. Qxf3 Nf6 12. Bg5 O-O 13. Bd3 h6 14.
Bh4 Re8 15. O-O e5 16. Bf5 Bxf5 17. Qxf5 Qd7 18. Qf3 Qc6 19. Qg3 g5 20.
Bxg5 hxg5 21. Qxg5+ Kf8 22. Rfe1 Qd6 23. Qh6+ Ke7 24. Qg5 Kd7 25. Rad1 Re6
26. c3 Rg8 27. Qf5 Qd5 28. f3 Re8 29. cxd4 exd4 30. Qh3 d3 31. Re3 Qc5 32.
Rxd3+ Ke7 33. f4 Qc1+ 34. Kf2 Qxb2+ 35. Kf3 Rxe3+ 36. Rxe3+ Kd6 37. Rd3+
Kc7 38. Qf5 Qe2+ 39. Kg3 Ne4+ 40. Kh4 Rh8+ 41. Qh5 Rxh5# { White checkmated
} 0-1

[Event "ICC tourney 2355 (60 10)"]
[Site "Internet Chess Club"]
[Date "2021.01.31"]
[Round "6"]
[White "c30mw"]
[Black "LeoNYC"]
[Result "1-0"]
[ICCResult "Black checkmated"]
[WhiteElo "112"]
[BlackElo "1145"]
[Opening "Owen defense"]
[ECO "B00"]
[NIC "VO.01"]
[Time "16:03:33"]
[PlyCount "161"]
[TimeControl "3600+10"]

1. e4 b6 2. Nf3 Bb7 3. Nc3 e6 4. d4 Bb4 5. Bd2 Bxc3 6. Bxc3 Bxe4 7. Be2 Bb7
8. O-O Nf6 9. Re1 O-O 10. h3 d5 11. Bd3 Ne4 12. Bxe4 dxe4 13. Ne5 Nd7 14.
Nxd7 Qxd7 15. Qg4 Qd5 16. Re3 Qf5 17. Qg3 c5 18. dxc5 Qg6 19. cxb6 Qxg3 20.
Rxg3 g6 21. bxa7 Rxa7 22. Bd4 Ra4 23. Bc5 Rc8 24. Rc3 Rc6 25. b3 Ra5 26. b4
Ra8 27. a4 Ba6 28. Re3 f5 29. Rd1 Bc4 30. a5 Rb8 31. Rd4 Bd5 32. c4 e5 33.
Rxd5 Re8 34. b5 Rcc8 35. b6 Ra8 36. Bb4 Rec8 37. b7 Rxc4 38. bxa8=Q+ Kg7
39. Qc6 Rxc6 40. Rxe5 Kf6 41. Rc5 Re6 42. Rb5 g5 43. Rb6 Ke5 44. Rxe6+ Kxe6
45. a6 f4 46. Rxe4+ Kd5 47. Re7 Kc4 48. a7 Kxb4 49. a8=Q Kc4 50. Qc6+ Kd4
51. Rd7+ Ke5 52. Qe6+ Kxe6 53. Rxh7 Kf5 54. Rf7+ Kg6 55. Rc7 Kh5 56. Rh7+
Kg6 57. Rd7 Kf5 58. Rd5+ Kf6 59. g3 fxg3 60. fxg3 Kg6 61. h4 gxh4 62. gxh4
Kh6 63. Rd4 Kh5 64. Kg2 Kh6 65. Kg3 Kh5 66. Rd5+ Kh6 67. h5 Kh7 68. Kg4 Kh6
69. Rd6+ Kg7 70. h6+ Kh7 71. Kg5 Kg8 72. Kg6 Kf8 73. h7 Ke7 74. Rd4 Ke6 75.
h8=Q Ke7 76. Qf6+ Ke8 77. Re4+ Kd7 78. Qf7+ Kc6 79. Qc4+ Kd6 80. Rd4+ Ke7
81. Qf7# { Black checkmated } 1-0

[Event "ICC tourney 2355 (60 10)"]
[Site "Internet Chess Club"]
[Date "2021.01.31"]
[Round "6"]
[White "ArtMan2030"]
[Black "lateninthrook"]
[Result "1-0"]
[ICCResult "Black checkmated"]
[WhiteElo "1168"]
[BlackElo "822"]
[Opening "Queen's pawn: London system"]
[ECO "A45"]
[NIC "QP.07"]
[Time "16:03:33"]
[PlyCount "87"]
[TimeControl "3600+10"]

1. d4 Nf6 2. Bf4 g6 3. Nc3 Bg7 4. Qd2 O-O 5. e4 d6 6. O-O-O e5 7. dxe5 dxe5
8. Qxd8 Rxd8 9. Rxd8+ Bf8 10. Rxc8 exf4 11. Nf3 Ng4 12. Bc4 Kg7 13. Rd1 Bd6
14. e5 Nxe5 15. Nxe5 Bxe5 16. Rdd8 Bf6 17. Rxb8 Rxb8 18. Rxb8 b6 19. Nd5 c6
20. Nxf6 Kxf6 21. Rb7 b5 22. Rxf7+ Kg5 23. Be2 h5 24. Rxa7 h4 25. g3 hxg3
26. hxg3 fxg3 27. fxg3 Kf5 28. g4+ Kf4 29. Rf7+ Kg5 30. Rc7 c5 31. Rxc5+
Kh4 32. Rxb5 g5 33. a4 Kg3 34. a5 Kf4 35. a6 Kg3 36. a7 Kh4 37. a8=Q Kg3
38. Qf3+ Kh4 39. Qh1+ Kg3 40. Rb3+ Kf4 41. Qh2+ Ke4 42. Bf3+ Kd4 43. Qd6+
Kc4 44. Qb4# { Black checkmated } 1-0

[Event "ICC tourney 2355 (60 10)"]
[Site "Internet Chess Club"]
[Date "2021.01.31"]
[Round "6"]
[White "OliverLam"]
[Black "zgregor"]
[Result "1-0"]
[ICCResult "Black checkmated"]
[WhiteElo "317"]
[BlackElo "910"]
[Opening "French: advance, Nimzovich system"]
[ECO "C02"]
[NIC "FR.03"]
[Time "16:03:31"]
[PlyCount "89"]
[TimeControl "3600+10"]

1. e4 e6 2. d4 d5 3. e5 c5 4. Nf3 Qb6 5. Nc3 Nc6 6. b3 a6 7. Bb2 cxd4 8.
Na4 Qa5+ 9. c3 dxc3 10. Bxc3 Qd8 11. Bd3 b5 12. Nb2 Bc5 13. O-O Nge7 14.
Bc2 Nf5 15. Bxf5 exf5 16. Nd3 Ba7 17. Qd2 h6 18. Nf4 d4 19. Bb2 O-O 20.
Rfd1 Re8 21. Nxd4 Nxd4 22. Bxd4 Bxd4 23. Qxd4 Qxd4 24. Rxd4 Rxe5 25. h3 Bb7
26. Rd7 Bc6 27. Rc7 Bd5 28. Nd3 Be4 29. Nxe5 f6 30. f3 Bd5 31. Ng6 Bf7 32.
Ne7+ Kh7 33. Nxf5 Rf8 34. Re1 Kg8 35. Ree7 a5 36. Nd6 b4 37. Nxf7 Rxf7 38.
Rxf7 Kh8 39. Rxg7 h5 40. Rh7+ Kg8 41. Rcg7+ Kf8 42. Ra7 Kg8 43. Rhe7 Kf8
44. Rec7 Ke8 45. Ra8# { Black checkmated } 1-0

[Event "ICC tourney 2355 (60 10)"]
[Site "Internet Chess Club"]
[Date "2021.01.31"]
[Round "6"]
[White "akashiyer2012"]
[Black "AarushB"]
[Result "0-1"]
[ICCResult "White checkmated"]
[WhiteElo "762"]
[BlackElo "932"]
[Opening "Sicilian defense"]
[ECO "B33"]
[NIC "SI.32"]
[Time "16:03:44"]
[PlyCount "98"]
[TimeControl "3600+10"]

1. e4 c5 2. Nf3 Nc6 3. d4 cxd4 4. Nxd4 Nf6 5. Nxc6 bxc6 6. Nc3 g6 7. e5 Ng8
8. Bc4 Bg7 9. Bf4 d6 10. exd6 exd6 11. O-O d5 12. Bb3 Nf6 13. Re1+ Be6 14.
Ba4 O-O 15. Bxc6 Rc8 16. Bb7 Rc4 17. Be5 Qb6 18. Bxd5 Bxd5 19. Nxd5 Nxd5
20. Bxg7 Kxg7 21. Qxd5 Qc7 22. Qg5 Rc5 23. Qh4 Rh5 24. Qd4+ Kg8 25. Qb4
Qxh2+ 26. Kf1 Qh1+ 27. Ke2 Re8+ 28. Kd2 Rd5+ 29. Kc3 Rxe1 30. Rxe1 Qxe1+
31. Kb3 Qxb4+ 32. Kxb4 Rd2 33. Kb3 Rxf2 34. c4 Rxg2 35. c5 Rg5 36. Kb4 Rd5
37. Kc4 Rd2 38. c6 Rc2+ 39. Kb5 h5 40. a4 h4 41. Ka6 h3 42. c7 Rxc7 43. Kb5
h2 44. Kb4 h1=Q 45. Ka3 Qf3+ 46. Ka2 Rb7 47. Ka1 Qd1+ 48. Ka2 Qc2 49. Ka1
Qxb2# { White checkmated } 0-1

[Event "ICC tourney 2355 (60 10)"]
[Site "Internet Chess Club"]
[Date "2021.01.31"]
[Round "6"]
[White "TajMateo"]
[Black "bangingcuberyt"]
[Result "1/2-1/2"]
[ICCResult "Game drawn because neither player has mating material"]
[WhiteElo "1161"]
[BlackElo "612"]
[Opening "Caro-Kann: exchange variation"]
[ECO "B13"]
[NIC "CK.02"]
[Time "16:03:44"]
[PlyCount "337"]
[TimeControl "3600+10"]

1. e4 c6 2. d4 d5 3. exd5 cxd5 4. Bd3 Nf6 5. Nf3 Bg4 6. Nc3 e6 7. Bf4 Nc6
8. h3 Bh5 9. O-O Nxd4 10. g4 Nxf3+ 11. Qxf3 Bg6 12. Bxg6 hxg6 13. Bg5 Rc8
14. Rfe1 Be7 15. Bxf6 Bxf6 16. Nxd5 Be7 17. Nxe7 Qxe7 18. c3 O-O 19. Rad1
f5 20. gxf5 gxf5 21. Qe3 Kf7 22. a3 a6 23. Re2 Rc6 24. Red2 Kg6 25. Qg3+
Qg5 26. Qxg5+ Kxg5 27. Rd6 Rxd6 28. Rxd6 Kf6 29. Kg2 Rh8 30. Kg3 f4+ 31.
Kg4 g5 32. Rb6 Rh4+ 33. Kf3 Rxh3+ 34. Kg2 g4 35. Rxb7 f3+ 36. Kg1 g3 37.
fxg3 Rxg3+ 38. Kf2 Rh3 39. Rb4 Ke5 40. Rb8 Kf4 41. Rf8+ Ke4 42. c4 Rh2+ 43.
Kg1 Rxb2 44. Re8 f2+ 45. Kf1 Kf5 46. Rf8+ Ke5 47. c5 Rc2 48. c6 Rxc6 49.
Rxf2 Rc1+ 50. Kg2 Ra1 51. Rf3 Ke4 52. Kg3 e5 53. Kf2 Ra2+ 54. Kg3 Ra1 55.
Kf2 Kd5 56. Kg3 e4 57. Re3 Kd4 58. Rb3 e3 59. Kf3 Rf1+ 60. Ke2 Rf2+ 61. Ke1
a5 62. a4 Ra2 63. Kd1 Rxa4 64. Ke2 Ra2+ 65. Kd1 Rd2+ 66. Ke1 Rd3 67. Rb2 a4
68. Ra2 a3 69. Kf1 e2+ 70. Kxe2 Kc4 71. Ra1 Rc3 72. Kd2 Kb3 73. Rb1+ Kc4
74. Rc1 Rxc1 75. Kxc1 Kb3 76. Kb1 Kb4 77. Ka1 Kb3 78. Kb1 Kb4 79. Ka1 Kb3
80. Kb1 Ka4 81. Ka1 Kb3 82. Kb1 Kc4 83. Ka1 Kb4 84. Kb1 Kb3 85. Ka1 Ka4 86.
Kb1 Kb4 87. Ka1 Kb3 88. Kb1 Kc4 89. Ka1 Kb4 90. Kb1 Ka4 91. Ka1 Kb3 92. Kb1
Kc3 93. Ka1 Kb4 94. Kb1 Kc4 95. Ka1 Kb4 96. Kb1 Ka4 97. Ka1 Kb3 98. Kb1 Kb4
99. Ka1 Ka4 100. Kb1 Kb3 101. Ka1 Kc4 102. Kb1 Kb3 103. Ka1 Kc3 104. Kb1
Kb4 105. Ka1 Kb3 106. Kb1 Ka4 107. Ka1 Kb3 108. Kb1 Kc4 109. Ka1 Kb5 110.
Kb1 Kb4 111. Ka1 Kc3 112. Kb1 Kb3 113. Ka1 Kc3 114. Kb1 Kc4 115. Ka1 Kb4
116. Kb1 Ka4 117. Ka1 Kb3 118. Kb1 Kb4 119. Ka1 Kc4 120. Kb1 Kb4 121. Ka1
Ka4 122. Kb1 Kb3 123. Ka1 Kc4 124. Kb1 Kb4 125. Ka1 Ka4 126. Kb1 Kb5 127.
Ka1 Kb4 128. Kb1 Kb5 129. Ka1 Ka4 130. Kb1 Kb3 131. Ka1 Kc4 132. Kb1 Kb5
133. Ka1 Ka4 134. Kb1 Kb3 135. Ka1 Kc4 136. Kb1 Kb3 137. Ka1 Kc4 138. Kb1
Kb4 139. Ka1 Ka4 140. Kb1 Kb3 141. Ka1 Kb4 142. Kb1 Kb3 143. Ka1 Kb4 144.
Kb1 Ka4 145. Ka1 Kb3 146. Kb1 Kc4 147. Ka1 Kc5 148. Kb1 Kb4 149. Ka1 Kb5
150. Kb1 Kc4 151. Ka1 Kb5 152. Kb1 Kb4 153. Ka1 Kb3 154. Kb1 Kc3 155. Ka1
Kb4 156. Kb1 Kb3 157. Ka1 Kb4 158. Kb1 Ka4 159. Ka1 Kb3 160. Kb1 Kc4 161.
Ka1 Kb4 162. Kb1 Ka4 163. Ka1 Kb3 164. Kb1 Kc3 165. Ka1 Kb4 166. Kb1 Kb3
167. Ka1 Kc2 168. Ka2 Kc3 169. Kxa3 { Game drawn because neither player has
mating material } 1/2-1/2

[Event "ICC tourney 2355 (60 10)"]
[Site "Internet Chess Club"]
[Date "2021.01.31"]
[Round "6"]
[White "AriWinsU"]
[Black "chessburger0220"]
[Result "0-1"]
[ICCResult "White resigns"]
[WhiteElo "868"]
[BlackElo "1096"]
[Opening "Queen's pawn, Mason variation, Steinitz counter-gambit"]
[ECO "D00"]
[NIC "QP.08"]
[Time "16:03:33"]
[PlyCount "112"]
[TimeControl "3600+10"]

1. d4 d5 2. Bf4 c5 3. c3 Nf6 4. Nf3 Bf5 5. c4 dxc4 6. e3 cxd4 7. Qxd4 Qxd4
8. Nxd4 Bg6 9. Bxc4 Nbd7 10. Nb5 Rc8 11. Bb3 Rc1+ 12. Bd1 Bc2 13. N5c3 Bxd1
14. Nxd1 Ne4 15. O-O e6 16. Ndc3 Nxc3 17. Nxc3 Rxa1 18. Rxa1 Bc5 19. Ne4
Bb6 20. Nd6+ Ke7 21. Ne4 Rc8 22. h3 e5 23. Bg3 Rc2 24. b3 h6 25. Kf1 f5 26.
Bh4+ g5 27. Nxg5 hxg5 28. Bxg5+ Ke6 29. Ke1 Ba5+ 30. Kf1 Bc3 31. Rb1 Rxa2
32. h4 Ra1 33. Rxa1 Bxa1 34. Ke2 e4 35. f3 exf3+ 36. Kxf3 Bf6 37. Kf4 Bxg5+
38. Kxg5 Nf8 39. h5 b5 40. Kh6 a5 41. Kg7 Ke7 42. h6 a4 43. bxa4 bxa4 44.
h7 Nxh7 45. Kxh7 a3 46. Kg6 a2 47. Kxf5 a1=Q 48. g3 Qf6+ 49. Ke4 Ke6 50. g4
Qg5 51. Kf3 Ke5 52. Kg3 Qxe3+ 53. Kg2 Kf4 54. Kh2 Kxg4 55. Kh1 Qe2 56. Kg1
Kg3 { White resigns } 0-1

[Event "ICC tourney 2355 (60 10)"]
[Site "Internet Chess Club"]
[Date "2021.01.31"]
[Round "6"]
[White "AntonCM"]
[Black "siddharthbose"]
[Result "0-1"]
[ICCResult "White checkmated"]
[WhiteElo "1002"]
[BlackElo "1232"]
[Opening "Sicilian: Labourdonnais-Löwenthal variation"]
[ECO "B32"]
[NIC "SI.32"]
[Time "16:03:46"]
[PlyCount "66"]
[TimeControl "3600+10"]

1. e4 c5 2. Nf3 Nc6 3. d4 cxd4 4. Nxd4 e5 5. Nf3 Nf6 6. Bg5 Bc5 7. Nc3 Bb4
8. Bc4 O-O 9. O-O Bxc3 10. bxc3 h6 11. Bh4 Re8 12. Qb1 Na5 13. Bd5 d6 14.
a3 Be6 15. Bxb7 Rb8 16. Bxf6 Qxf6 17. Qb5 Nxb7 18. Rab1 Qd8 19. Qd3 Na5 20.
Rxb8 Qxb8 21. Rd1 Nc4 22. a4 Nb2 23. Qxd6 Nxd1 24. Qxd1 Rd8 25. Qe2 Qb1+
26. Ne1 Bc4 27. Qe3 Rd1 28. h3 Rxe1+ 29. Kh2 Rxe3 30. fxe3 Qxc2 31. Kg3 Bf1
32. Kh4 Qxg2 33. c4 Qg5# { White checkmated } 0-1

[Event "ICC tourney 2355 (60 10)"]
[Site "Internet Chess Club"]
[Date "2021.01.31"]
[Round "6"]
[White "mrforkydude"]
[Black "czw1"]
[Result "1-0"]
[ICCResult "Black checkmated"]
[WhiteElo "1224"]
[BlackElo "1360"]
[Opening "Sicilian: Kan, 5.Nc3"]
[ECO "B43"]
[NIC "SI.41"]
[Time "16:03:37"]
[PlyCount "41"]
[TimeControl "3600+10"]

1. e4 c5 2. Nf3 e6 3. d4 cxd4 4. Nxd4 a6 5. Nc3 Qc7 6. a3 Nf6 7. Be3 Nc6 8.
f3 Be7 9. Bd3 O-O 10. O-O Bc5 11. Nf5 Bxe3+ 12. Nxe3 Qb6 13. Qd2 d5 14. Kh1
d4 15. Nc4 Qc7 16. Ne2 b5 17. e5 bxc4 18. exf6 cxd3 19. Qg5 g6 20. Qh6 Qe5
21. Qg7# { Black checkmated } 1-0

[Event "ICC tourney 2355 (60 10)"]
[Site "Internet Chess Club"]
[Date "2021.01.31"]
[Round "6"]
[White "LH2013"]
[Black "ChampChamp21"]
[Result "1-0"]
[ICCResult "Black checkmated"]
[WhiteElo "735"]
[BlackElo "1078"]
[Opening "QGD: Orthodox defense"]
[ECO "D60"]
[NIC "QO.12"]
[Time "16:03:48"]
[PlyCount "155"]
[TimeControl "3600+10"]

1. d4 d5 2. c4 e6 3. Nc3 Nf6 4. Bg5 Be7 5. Nf3 O-O 6. e3 Nbd7 7. cxd5 exd5
8. Bd3 b6 9. O-O Bb7 10. Qb3 Rc8 11. Rac1 c5 12. Nb5 c4 13. Bxc4 dxc4 14.
Rxc4 Rxc4 15. Qxc4 Ba6 16. Qb3 Bb7 17. Nxa7 Qc7 18. Nb5 Qd8 19. Rc1 Ne4 20.
Bxe7 Qxe7 21. Rc7 Rc8 22. Rxc8+ Bxc8 23. Qc2 Ba6 24. Nc7 Bb7 25. g3 Nef6
26. Nd2 Ne4 27. Nxe4 Bxe4 28. Qa4 Nb8 29. d5 Bf3 30. d6 Qe5 31. h4 b5 32.
Qxb5 Qxb5 33. Nxb5 Bc6 34. Nc7 Nd7 35. b3 Nc5 36. f4 Ne4 37. g4 Nxd6 38. a4
Ne4 39. a5 Bb7 40. a6 Bxa6 41. Nxa6 Nc3 42. b4 Kf8 43. Nc7 Ke7 44. b5 Kd7
45. b6 Kc6 46. Ne8 g6 47. Nf6 h6 48. Ng8 h5 49. gxh5 gxh5 50. Nh6 f6 51.
Ng8 f5 52. Nf6 Kxb6 53. Nxh5 Kc7 54. Ng7 Kd7 55. Nxf5 Ke8 56. Kf2 Ne4+ 57.
Kf3 Nd2+ 58. Kg4 Kf7 59. h5 Kg8 60. Kg5 Ne4+ 61. Kg6 Kh8 62. Nh4 Kg8 63. f5
Kh8 64. f6 Nxf6 65. Kxf6 Kh7 66. Kf7 Kh6 67. e4 Kxh5 68. e5 Kxh4 69. e6 Kg3
70. e7 Kg2 71. e8=Q Kh1 72. Qe2 Kg1 73. Qa2 Kf1 74. Kf6 Ke1 75. Ke5 Kd1 76.
Kd4 Ke1 77. Ke3 Kf1 78. Qf2# { Black checkmated } 1-0

[Event "ICC tourney 2355 (60 10)"]
[Site "Internet Chess Club"]
[Date "2021.01.31"]
[Round "6"]
[White "liznemiroff"]
[Black "warrenl"]
[Result "1-0"]
[ICCResult "Black resigns"]
[WhiteElo "969"]
[BlackElo "1199"]
[Opening "Dutch with c4 & Nc3"]
[ECO "A85"]
[NIC "HD.05"]
[Time "16:03:43"]
[PlyCount "123"]
[TimeControl "3600+10"]

1. d4 f5 2. c4 Nf6 3. Nc3 e6 4. Bg5 Bb4 5. e3 O-O 6. Bd3 Nc6 7. Nf3 b6 8.
O-O Bb7 9. a3 Bxc3 10. bxc3 Ne7 11. a4 h6 12. Bh4 Ng6 13. Bg3 Nh5 14. Ne5
Nxg3 15. Nxg6 Nxf1 16. Nxf8 Nxe3 17. Nxe6 Nxd1 18. Nxd8 Rxd8 19. Rxd1 Re8
20. Bxf5 d6 21. d5 Ba6 22. Be6+ Kf8 23. Rd4 c6 24. Rf4+ Ke7 25. Rf7+ Kd8
26. Rd7+ Kc8 27. Rxa7+ Kb8 28. Rxa6 Kb7 29. Kf1 Kxa6 30. Bd7 Re4 31. Bxc6
Ka7 32. Bb5 Kb7 33. g3 Kc7 34. Kg2 Kd8 35. Kf3 Re1 36. Kf4 Ke7 37. f3 Kf6
38. h4 Re5 39. g4 g5+ 40. hxg5+ hxg5+ 41. Kg3 Re3 42. Bc6 Rxc3 43. Bb5 Re3
44. Kf2 Re5 45. Kg3 Re7 46. Bc6 Ke5 47. Bb5 Kd4 48. f4 gxf4+ 49. Kxf4 Rf7+
50. Kg5 Ke5 51. Kh6 Kf4 52. g5 Kf5 53. g6 Rf6 54. Be8 Rf8 55. Bf7 Rh8+ 56.
Kg7 Rh4 57. Kf8 Ke5 58. g7 Rg4 59. g8=Q Rxg8+ 60. Bxg8 Kd4 61. Ke7 Kc5 62.
Kd7 { Black resigns } 1-0

[Event "ICC tourney 2355 (60 10)"]
[Site "Internet Chess Club"]
[Date "2021.01.31"]
[Round "6"]
[White "SRA0612"]
[Black "cautiouscottage"]
[Result "0-1"]
[ICCResult "White checkmated"]
[WhiteElo "826"]
[BlackElo "1053"]
[Opening "Sicilian: Kan, 5.Nc3"]
[ECO "B43"]
[NIC "SI.41"]
[Time "16:03:35"]
[PlyCount "72"]
[TimeControl "3600+10"]

1. e4 c5 2. Nf3 e6 3. d4 cxd4 4. Nxd4 a6 5. Nc3 Qc7 6. Bd3 Nf6 7. Be3 b5 8.
Qf3 Bb7 9. Rd1 Be7 10. O-O O-O 11. Qe2 d6 12. Nf3 Nbd7 13. a3 Rac8 14. Bf4
e5 15. Bg5 Nc5 16. Bxf6 Bxf6 17. b4 Nd7 18. Nd5 Bxd5 19. exd5 Nb6 20. Qe4
g6 21. Be2 Qxc2 22. Qxc2 Rxc2 23. Rfe1 Rfc8 24. Kf1 Nc4 25. Bxc4 R8xc4 26.
Ra1 e4 27. Rad1 exf3 28. gxf3 R4c3 29. Re8+ Kg7 30. Ra8 Rxa3 31. f4 Rf3 32.
Ke1 Rfxf2 33. Rb1 Bc3+ 34. Kd1 Rcd2+ 35. Ke1 Rxh2 36. Kf1 Rh1# { White
checkmated } 0-1

[Event "ICC tourney 2355 (60 10)"]
[Site "Internet Chess Club"]
[Date "2021.01.31"]
[Round "6"]
[White "zman-g"]
[Black "ironman31"]
[Result "0-1"]
[ICCResult "White checkmated"]
[WhiteElo "771"]
[BlackElo "1142"]
[Opening "Scandinavian defense"]
[ECO "B01"]
[NIC "SD.03"]
[Time "16:03:54"]
[PlyCount "46"]
[TimeControl "3600+10"]

1. e4 d5 2. exd5 Nf6 3. d4 Bg4 4. Nf3 Qxd5 5. Be2 e6 6. O-O Nc6 7. Nc3 Qd7
8. Re1 O-O-O 9. Bc4 Nxd4 10. Re3 Nxf3+ 11. gxf3 Qxd1+ 12. Nxd1 Rxd1+ 13.
Kg2 Bf5 14. Ra3 Bxa3 15. bxa3 Rhd8 16. Rb1 R8d6 17. Kg3 Rg1+ 18. Kf4 Rd4+
19. Ke3 Rxc4 20. Kd2 Rxc2+ 21. Ke3 Rgxc1 22. Rb4 Re1+ 23. Kd4 c5# { White
checkmated } 0-1

[Event "ICC tourney 2355 (60 10)"]
[Site "Internet Chess Club"]
[Date "2021.01.31"]
[Round "6"]
[White "ridikulous"]
[Black "NYCchesskid"]
[Result "1-0"]
[ICCResult "Black checkmated"]
[WhiteElo "1046"]
[BlackElo "591"]
[Opening "Ruy Lopez: old Steinitz defense"]
[ECO "C62"]
[NIC "RL.02"]
[Time "16:03:42"]
[PlyCount "115"]
[TimeControl "3600+10"]

1. e4 e5 2. Nf3 Nc6 3. Bb5 d6 4. c3 Nf6 5. d3 Be7 6. O-O O-O 7. Re1 Bg4 8.
Bg5 a6 9. Ba4 b5 10. Bc2 Qd7 11. Nbd2 Rfe8 12. h3 Bh5 13. Qc1 Rad8 14. d4
Bxf3 15. Nxf3 h6 16. Bh4 Ng4 17. Bxe7 Rxe7 18. hxg4 Qxg4 19. Nh2 Qg6 20. d5
Nb8 21. Qe3 Nd7 22. Qg3 Qh5 23. Bd1 Qg6 24. Qxg6 fxg6 25. Bg4 Nf6 26. Be6+
Kh8 27. Re3 Rf8 28. Nf3 Nh5 29. Nh4 Rf6 30. g4 Nf4 31. Bc8 g5 32. Ng2 Ng6
33. Bxa6 Ref7 34. Rf1 Nf4 35. Nxf4 Rxf4 36. f3 h5 37. gxh5 Rh4 38. Bxb5
Rff4 39. Rf2 Rxh5 40. Rh2 Rxh2 41. Kxh2 Rh4+ 42. Kg2 g4 43. Kg3 g5 44. fxg4
Rh1 45. Re2 Rg1+ 46. Rg2 Rh1 47. Rh2+ Kg7 48. Rxh1 Kg6 49. Rh5 Kf6 50. Bd7
Kg7 51. Rxg5+ Kf6 52. Rf5+ Kg6 53. Be8+ Kh6 54. Kh4 Kg7 55. Kg5 Kh7 56.
Rf7+ Kg8 57. Kg6 Kh8 58. Rf8# { Black checkmated } 1-0

[Event "ICC tourney 2355 (60 10)"]
[Site "Internet Chess Club"]
[Date "2021.01.31"]
[Round "6"]
[White "DaltonTiger"]
[Black "chessimposter"]
[Result "0-1"]
[ICCResult "White checkmated"]
[WhiteElo "113"]
[BlackElo "997"]
[Opening "Sicilian"]
[ECO "B50"]
[NIC "SI.01"]
[Time "16:03:34"]
[PlyCount "100"]
[TimeControl "3600+10"]

1. e4 c5 2. Nf3 d6 3. Nc3 Nc6 4. Bb5 Bd7 5. O-O g6 6. b3 Bg7 7. Bb2 Nf6 8.
Qe2 O-O 9. Rfe1 Nd4 10. Nxd4 cxd4 11. Nd5 Nxd5 12. exd5 Bxb5 13. Qxb5 Qc7
14. c3 dxc3 15. Bxc3 Bxc3 16. dxc3 Qxc3 17. Qxb7 Rfc8 18. h3 Rcb8 19. Qc6
Qd4 20. Rad1 Qb4 21. Re2 Rc8 22. Qd7 Qf4 23. Rde1 Qf6 24. Rxe7 Rd8 25. Re8+
Rxe8 26. Rxe8+ Rxe8 27. Qxe8+ Kg7 28. Qa4 Qa1+ 29. Kh2 Qe5+ 30. g3 Qxd5 31.
Qxa7 Qc6 32. a4 d5 33. b4 Qf6 34. Kg2 d4 35. b5 d3 36. b6 d2 37. Qd7 Qc3
38. b7 Qc2 39. b8=Q d1=Q 40. Qb2+ Qxb2 41. Qxd1 Qb7+ 42. Qf3 Qb4 43. Qa8
Qa3 44. a5 f5 45. a6 f4 46. g4 f3+ 47. Kg3 Qd6+ 48. Kh4 g5+ 49. Kxg5 Qf6+
50. Kh5 Qh6# { White checkmated } 0-1

[Event "ICC tourney 2355 (60 10)"]
[Site "Internet Chess Club"]
[Date "2021.01.31"]
[Round "6"]
[White "smashattack"]
[Black "EricCheng-131"]
[Result "1-0"]
[ICCResult "Black checkmated"]
[WhiteElo "1451"]
[BlackElo "1373"]
[Opening "QGD Slav: Dutch variation"]
[ECO "D18"]
[NIC "SL.04"]
[Time "16:03:41"]
[PlyCount "79"]
[TimeControl "3600+10"]

1. d4 d5 2. c4 c6 3. Nf3 Nf6 4. Nc3 dxc4 5. a4 Bf5 6. e3 e6 7. Bxc4 Be7 8.
O-O O-O 9. Re1 Nd5 10. Bd2 Nxc3 11. Bxc3 Qc7 12. h3 Nd7 13. e4 Bg6 14. b3
Nf6 15. Bd3 Rad8 16. Rc1 Rd7 17. Ne5 Rdd8 18. Qd2 Nd7 19. Ba5 Nb6 20. Nf3
Rd7 21. Qe3 Rfd8 22. Bb1 Bh5 23. Bc3 f6 24. Ba2 Bxf3 25. Qxf3 e5 26. b4+
Kh8 27. dxe5 fxe5 28. Qh5 Bf6 29. Be6 Re7 30. Bf5 g5 31. b5 Nc4 32. bxc6
bxc6 33. Qh6 Rf7 34. Be6 Rff8 35. Bxc4 Qb6 36. Re3 c5 37. Rf3 a5 38. Bxe5
Bxe5 39. Rxf8+ Rxf8 40. Qxf8# { Black checkmated } 1-0